 Dungeon Crawl Stone Soup version 0.19-a0-1896-g611e798 (webtiles) character file.

4881 Infinimo the Basher (level 10, -6/56 HPs)
             Began as a Kobold Berserker on Oct 19, 2016.
             Was a High Priest of Trog.
             Killed from afar by Erica (23 damage)
             ... with an orb of energy
             ... on level 8 of the Dungeon.
             The game lasted 00:16:00 (8977 turns).

Infinimo the Basher (Kobold Berserker)              Turns: 8977, Time: 00:16:04

Health: -6/56      AC:  3    Str: 17    XL:     10   Next: 79%
Magic:  10/10      EV: 21    Int:  8    God:    Trog [*****.]
Gold:   292        SH:  0    Dex: 16    Spells: 0 memorised, 9 levels left

rFire  . . .     SeeInvis +     b - +1 whip (elec)
rCold  . . .     Gourm    .     o - +1 robe {MR+}
rNeg   . . .     Faith    .     (shield restricted)
rPois  .         Spirit   .     (no helmet)
rElec  .         Reflect  .     (no cloak)
rCorr  .         Harm     .     (no gloves)
MR     +++..                    (no boots)
Stlth  +.........               (no amulet)
                                (no ring)
                                k - ring of see invisible

@: regenerating
A: carnivore 3
a: Berserk, Trog's Hand, Brothers in Arms, Burn Spellbooks, Renounce Religion


You were on level 8 of the Dungeon.
You worshipped Trog.
Trog was extremely pleased with you.
You were full.

You visited 2 branches of the dungeon, and saw 9 of its levels.

You collected 292 gold pieces.

Inventory:

Hand Weapons
 b - a +1 whip of electrocution (weapon)
Armour
 o - a +1 robe of magic resistance (worn)
 p - the +1 hat of Xeughuet {rElec rC- rCorr Stlth-}
   (You acquired it on level 7 of the Dungeon)

   It makes you vulnerable to cold.
   It insulates you from electricity.
   It protects you from acid and corrosion.
   It makes you less stealthy.
Jewellery
 k - a ring of see invisible (left hand)
 r - a cursed amulet of inaccuracy {unknown}
Wands
 j - a wand of confusion (34/48)
 q - a wand of flame (20/48)
 w - a wand of heal wounds (0/9)
Scrolls
 e - 9 scrolls of remove curse
 l - 3 scrolls of magic mapping
 n - a scroll of identify
 u - a scroll of silence
 y - 2 scrolls of enchant armour
Potions
 d - a potion of ambrosia {unknown}
 f - 5 potions of flight
 m - a potion of berserk rage {unknown}
 s - a potion of might {unknown}
 v - a potion of lignification {unknown}
 x - a potion of curing
 z - a potion of mutation {unknown}
 B - a potion of haste {unknown}
Books
 t - a book of Misfortune

   Spells                             Type                      Level
   a - Confusing Touch                Hexes                        1
   b - Confuse                        Hexes                        3
   c - Gell's Gravitas                Hexes/Translocation          3
   d - Petrify                        Transmutation/Earth          4
   e - Metabolic Englaciation         Hexes/Ice                    5
   f - Yara's Violent Unravelling     Hexes/Transmutation          5
   Trog disapproves of the use of such an item.
Comestibles
 a - a royal jelly
 c - 3 meat rations
 C - 7 beef jerkies


   Skills:
 - Level 3.2 Fighting
 - Level 12.3 Maces & Flails
 - Level 1.5 Armour
 + Level 8.8 Dodging


You had 9 spell levels left.
You didn't know any spells.

Dungeon Overview and Level Annotations

Branches:
Dungeon (8/15)             Temple (1/1) D:4
   Lair: D:8-11

Altars:
Ashenzari
Cheibriados
Dithmenos
Elyvilon
Gozag
Nemelex Xobeh
Ru
Trog
Uskayaw
Vehumet
Yredelemnul
Zin

Annotations:
D:7 vogonpoet's ghost, novice OgBe
D:8 Erica


Innate Abilities, Weirdness & Mutations

You are small and have problems with some larger weapons.
You are carnivorous and can eat meat at any time.


Message History

Gang up on whom?
Press: ? - help, Dir - move target cursor, f - Erica
Aim: Erica, wielding a scimitar of flaming and wearing an embroidered robe (lightly wounded, slightly transparent) Attack!
Erica hits you with a scimitar of flaming!
Erica burns you.
* * * LOW HITPOINT WARNING * * *
The orc hits your ogre with a flail!
Okay, then.
Evoke which item? (* to show all) (? for menu, Esc to quit)
Zapping:
w - a wand of heal wounds {zapped: 5} (will waste charges)
Press: ? - help, Shift-Dir - straight line, f - you, p - Erica Nothing appears to happen.
You feel less exhausted.
Your ogre hits the orc with a giant club!!
The orc dies!
Trog accepts your kill. Erica gestures at you while chanting.
The orb of energy hits you!
You die...

#######....#........
##..........#........
............#........
#####..#....#........
#..........#........
#..........#........
######..####........
#..(....########..
#@@.)(............
######O)..........
#...)...........
#..O..o.........
######W......... ..
#.......###..# ....
#.......###..#
....#######..........
.........W...........


You could see Erica and a friendly ogre (berserk).

Vanquished Creatures
  Pikel (D:4)
  The ghost of vogonpoet the Basher, a novice MiGl of Trog (D:6)
  Maurice (D:8)
  Sigmund (D:4)
  Eustachio (D:4)
  2 hungry ghosts (D:8)
  A sky beast (D:8)
  A black bear (D:6)
  4 orc warriors
  2 eyes of draining (D:6)
  A phantom (D:6)
  A necrophage (D:5)
  The ghost of Flanowski the Slasher, an amateur DsGl (D:3)
  4 ogres
  A centaur (D:8)
  A bullfrog (D:8)
  A scorpion (D:4)
  A water moccasin skeleton (D:8)
  5 crimson imps
  A hound (D:7)
  A centaur zombie (D:7)
  6 orc priests
  4 jellies
  14 orc wizards
  8 iguanas
  5 worker ants
  7 gnolls
  7 adders
  2 shadow imps (D:8)
  4 oozes
  2 dart slugs (D:1)
  6 leopard geckos
  35 orcs
  4 ball pythons
  11 giant cockroaches
  8 goblins
  7 hobgoblins
  9 jackals
  3 quokkas
  7 bats
  5 frilled lizards
  A jackal skeleton (D:6)
  8 kobolds
  A leopard gecko skeleton (D:6)
  A quokka skeleton (D:4)
  A quokka zombie (D:6)
  6 rats
205 creatures vanquished.

Vanquished Creatures (collateral kills)
  An orc priest (D:8)
  3 orcs (D:8)
4 creatures vanquished.

Vanquished Creatures (others)
  2 slaves (D:4)
  An orc priest (D:4)
  An orc wizard (D:4)
  3 gnolls (D:4)
  6 orcs (D:4)
13 creatures vanquished.

Grand Total: 222 creatures vanquished

Notes
Turn   | Place    | Note
-------+----------+-------------------------------------------
     0 | D:1      | Infinimo the Kobold Berserker began the quest for the Orb.
     0 | D:1      | Reached XP level 1. HP: 14/14 MP: 1/1
    81 | D:1      | Reached skill level 3 in Maces & Flails
   160 | D:1      | Reached XP level 2. HP: 15/19 MP: 2/2
   568 | D:1      | Reached XP level 3. HP: 19/23 MP: 3/3
  1377 | D:2      | Reached skill level 4 in Maces & Flails
  1384 | D:2      | Found a hide-covered altar of Uskayaw.
  1492 | D:2      | Reached ** piety under Trog
  1864 | D:2      | Reached XP level 4. HP: 26/28 MP: 4/4
  2081 | D:2      | Found a shadowy altar of Dithmenos.
  2125 | D:2      | Found an opulent altar of Gozag.
  2639 | D:3      | Reached XP level 5. HP: 31/32 MP: 5/5
  2648 | D:3      | Reached *** piety under Trog
  2648 | D:3      | Reached skill level 5 in Maces & Flails
  2942 | D:3      | Noticed Flanowski's ghost (amateur DsGl)
  2959 | D:3      | Killed Flanowski's ghost
  2959 | D:3      | Reached XP level 6. HP: 19/37 MP: 6/6
  3322 | D:3      | Reached skill level 6 in Maces & Flails
  3808 | D:4      | Found a white marble altar of Elyvilon.
  4087 | D:4      | Noticed an ogre
  4092 | D:4      | Killed an ogre
  4092 | D:4      | Reached XP level 7. HP: 41/41 MP: 7/7
  4168 | D:4      | Found a staircase to the Ecumenical Temple.
  4302 | D:4      | Noticed Sigmund
  4314 | D:4      | Killed Sigmund
  4314 | D:4      | Reached skill level 7 in Maces & Flails
  4398 | D:4      | Noticed Eustachio
  4439 | Temple   | Entered the Ecumenical Temple
  4547 | D:4      | Noticed Pikel
  4574 | D:4      | Killed Pikel
  4574 | D:4      | Reached skill level 9 in Maces & Flails
  4574 | D:4      | Reached XP level 8. HP: 26/46 MP: 8/8
  4926 | D:4      | Found a shattered altar of Ashenzari.
  5223 | D:4      | Killed Eustachio
  5265 | D:5      | Entered Level 5 of the Dungeon
  5359 | D:5      | Reached XP level 9. HP: 51/51 MP: 9/9
  5362 | D:5      | Reached skill level 10 in Maces & Flails
  5455 | D:5      | Found an opulent altar of Gozag.
  5731 | D:5      | Found a basalt altar of Yredelemnul.
  5733 | D:5      | Found a snail-covered altar of Cheibriados.
  5752 | D:5      | Reached **** piety under Trog
  5920 | D:5      | Found a glowing silver altar of Zin.
  5921 | D:5      | Found a radiant altar of Vehumet.
  6295 | D:5      | Found a sacrificial altar of Ru.
  6390 | D:6      | Reached skill level 11 in Maces & Flails
  6987 | D:6      | Found a bloodstained altar of Trog.
  7063 | D:6      | Noticed vogonpoet's ghost (novice MiGl)
  7083 | D:6      | Killed vogonpoet's ghost
  7083 | D:6      | Reached skill level 12 in Maces & Flails
  7083 | D:6      | Reached XP level 10. HP: 56/56 MP: 8/10
  7431 | D:7      | Noticed vogonpoet's ghost (novice OgBe)
  7882 | D:7      | Reached ***** piety under Trog
  7882 | D:7      | Reached skill level 5 in Dodging
  8343 | D:7      | Identified a scroll of acquirement
  8346 | D:7      | Got a blackened hat
  8352 | D:7      | Identified the +1 hat of Xeughuet {rElec rC- rCorr Stlth-} (You acquired it on level 7 of the Dungeon)
  8673 | D:8      | Found a sparkling altar of Nemelex Xobeh.
  8838 | D:8      | Found a hide-covered altar of Uskayaw.
  8922 | D:8      | Noticed Maurice
  8936 | D:8      | Noticed Erica
  8943 | D:8      | Killed Maurice
  8977 | D:8      | Killed from afar by Erica

Vault maps used:
D:1:      dpeg_arrival_rhombi, serial_bayou_lagoon_a
D:2:      grunt_gozag_breadcrumbs, grunt_dithmenos_smoke, marbit_many_paths,
          first_bread, minmay_split_cup_large
D:3:      minmay_crystal_room
D:4:      ashenzari_altar_1, elyvilon_altar_1, uniq_eustachio, uniq_sigmund,
          uniq_pikel
D:5:      nicolae_ru_the_path_less_chosen, nicolae_overflow_hidden_temple,
          basic_altar
D:6:      trog_eyes_of_draining
D:7:      grunt_ogre_cave
D:8:      nemelex_xobeh_ov_fountains_minmay, basic_altar,
          hangedman_abyss_or_decor_stagger, kennysheep_decorative_pillar,
          corexii_leaking_fountain, uniq_maurice, uniq_erica
Temple:   nicolae_temple_figure_zero

Skill      XL: |  1  2  3  4  5  6  7  8  9 10 |
---------------+-------------------------------+-----
Maces & Flails | 3 4 5 6 9 12 | 12.3
Dodging        | 8 |  8.8
Fighting       | |  3.2
Armour         | |  1.5

Action                   |  1- 3 |  4- 6 |  7- 9 | 10-12 || total
-------------------------+-------+-------+-------+-------++-------
Melee: Mace              |    93 |   173 |    39 |       ||   305
       Whip              |       |       |   222 |   218 ||   440
Invok: Berserk           |     2 |     6 |    14 |     7 ||    29
       Trog's Hand       |       |     1 |     1 |     1 ||     3
       Brothers in Arms  |       |       |       |     1 ||     1
Evoke: Wand              |       |       |       |     2 ||     2
  Use: Scroll            |     3 |     2 |     2 |    10 ||    17
       Potion            |       |     1 |       |     5 ||     6
 Stab: Sleeping          |     3 |     2 |       |     2 ||     7
  Eat: Chunk             |    13 |    10 |    26 |    23 ||    72
Armor: Animal skin       |    10 |    16 |       |       ||    26
       Robe              |       |       |    15 |     8 ||    23
Dodge: Dodged            |    74 |   141 |   120 |   123 ||   458
